PAAA
PAWNEE PARKSNREC @ PORT ROYAL DISASTER
07/11/2017
 
TOP OF THE 1ST
Pawnee ParksNRec batting - Pitching for Port Royal Disaster : LHP Jorge Velázquez
Pitching: LHP Jorge Velázquez
Batting: RHB Jim Unknown 0-0: Ball
1-0: Foul Ball, location: 2F
1-1: SINGLE (Groundball, 6MD) (infield hit)
Batting: RHB Jim Unknown 0-0: Swinging Strike
0-1: Foul Ball, location: 2F
0-2: Foul Ball, location: 2F
0-2: Ball
1-2: Strikes out swinging
Batting: LHB Jim Unknown 0-0: Ball
1-0: Ball
2-0: Foul Ball, location: 2F
2-1: Hit by Pitch
Jim Unknown to second
Batting: RHB Jim Unknown 0-0: Foul Ball, location: 2F
0-1: Ball
1-1: Ball
2-1: Fly out, F6 (Popup, 5D)
Batting: RHB Jim Unknown 0-0: DOUBLE (Line Drive, 89M)
Jim Unknown scores
Jim Unknown to third
Batting: RHB Jim Unknown 0-0: Ball
1-0: Ball
2-0: Ball
3-0: Base on Balls
Batting: LHB Jim Unknown 0-0: Called Strike
0-1: Ball
1-1: Foul Ball, location: 2F
1-2: Ball
2-2: Fly out, F8 (Flyball, 8RS)
Top of the 1st over - 1 run(s), 2 hit(s), 0 error(s), 3 left on base; Pawnee 1 - Port Royal 0
BOTTOM OF THE 1ST
Port Royal Disaster batting - Pitching for Pawnee ParksNRec : RHP Jim Unknown
Pitching: RHP Jim Unknown
Batting: RHB Mike Green 0-0: Ball
1-0: Foul Ball, location: 2F
1-1: Fly out, F9 (Popup, 9S)
Batting: LHB George Best 0-0: Ball
1-0: Ground out 4-3 (Groundball, 34)
Batting: SHB Quan Ge 0-0: Swinging Strike
0-1: Ball
1-1: Swinging Strike
1-2: Ball
2-2: Ball
3-2: Strikes out looking
Bottom of the 1st over - 0 run(s), 0 hit(s), 0 error(s), 0 left on base; Pawnee 1 - Port Royal 0
TOP OF THE 2ND
Pawnee ParksNRec batting - Pitching for Port Royal Disaster : LHP Jorge Velázquez
Batting: RHB Jim Unknown 0-0: Called Strike
0-1: Foul Ball, location: 2F
0-2: Foul Ball, location: 2F
0-2: Ball
1-2: Ball
2-2: Ball
3-2: Base on Balls
Batting: LHB Jim Unknown 0-0: Called Strike
0-1: Called Strike
0-2: Ball
1-2: Foul Ball, location: 2F
1-2: Ball
2-2: Ball
3-2: Foul Ball, location: 2F
3-2: Foul Ball, location: 2F
3-2: Strikes out swinging
Batting: RHB Jim Unknown 0-0: Swinging Strike
0-1: Ball
1-1: Foul Ball, location: 2F
1-2: Strikes out looking
Batting: RHB Jim Unknown 0-0: Ball
1-0: Called Strike
1-1: Ground out 1-3 (Groundball, 15S)
Top of the 2nd over - 0 run(s), 0 hit(s), 0 error(s), 1 left on base; Pawnee 1 - Port Royal 0
BOTTOM OF THE 2ND
Port Royal Disaster batting - Pitching for Pawnee ParksNRec : RHP Jim Unknown
Batting: LHB Jason Potter 0-0: Ball
1-0: Swinging Strike
1-1: Ball
2-1: Called Strike
2-2: Strikes out looking
Batting: LHB Jim Unknown 0-0: Fly out, F8 (Flyball, 8RM)
Batting: LHB Keith McKnight 0-0: Ball
1-0: Ball
2-0: Ball
3-0: Base on Balls
Batting: RHB Jim Unknown 0-0: Called Strike
0-1: Ground out 4-3 (Groundball, 4)
Bottom of the 2nd over - 0 run(s), 0 hit(s), 0 error(s), 1 left on base; Pawnee 1 - Port Royal 0
TOP OF THE 3RD
Pawnee ParksNRec batting - Pitching for Port Royal Disaster : LHP Jorge Velázquez
Batting: LHB Jim Unknown 0-0: Ground out 3-1 (Groundball, 34)
Batting: RHB Jim Unknown 0-0: Ball
1-0: Ball
2-0: Ball
3-0: Called Strike
3-1: Fly out, F9 (Popup, 9S)
Batting: RHB Jim Unknown 0-0: Ball
1-0: Ground out 1-3 (Groundball, 13)
Top of the 3rd over - 0 run(s), 0 hit(s), 0 error(s), 0 left on base; Pawnee 1 - Port Royal 0
BOTTOM OF THE 3RD
Port Royal Disaster batting - Pitching for Pawnee ParksNRec : RHP Jim Unknown
Batting: RHB Jim Unknown 0-0: Ball
1-0: Ball
2-0: Ball
3-0: Called Strike
3-1: Called Strike
3-2: Strikes out looking
Batting: LHB Nelson Sanders 0-0: Foul Ball, location: 2F
0-1: Called Strike
0-2: Ball
1-2: Foul Ball, location: 2F
1-2: Strikes out looking
Batting: RHB Mike Green 0-0: Ball
1-0: Ball
2-0: SINGLE (Groundball, 56D)
Batting: LHB George Best 0-0: Swinging Strike
Throwing error on steal attempt, E2
Mike Green to third
0-1: Ball
1-1: Ground out U3 (Groundball, 3S)
Bottom of the 3rd over - 0 run(s), 1 hit(s), 1 error(s), 1 left on base; Pawnee 1 - Port Royal 0
TOP OF THE 4TH
Pawnee ParksNRec batting - Pitching for Port Royal Disaster : LHP Jorge Velázquez
Batting: RHB Jim Unknown 0-0: Swinging Strike
0-1: Swinging Strike
0-2: Ball
1-2: Strikes out looking
Batting: LHB Jim Unknown 0-0: Ball
1-0: Ball
2-0: Ground out 4-3 (Groundball, 4)
Batting: RHB Jim Unknown 0-0: Fly out, F8 (Flyball, 89S)
Top of the 4th over - 0 run(s), 0 hit(s), 0 error(s), 0 left on base; Pawnee 1 - Port Royal 0
BOTTOM OF THE 4TH
Port Royal Disaster batting - Pitching for Pawnee ParksNRec : RHP Jim Unknown
Batting: SHB Quan Ge 0-0: DOUBLE (Line Drive, 78M)
Batting: LHB Jason Potter 0-0: Ground out 5-3 (Groundball, 56S)
Quan Ge to third
Batting: LHB Jim Unknown 0-0: Called Strike
0-1: Called Strike
0-2: Ball
1-2: Foul Ball, location: 2F
1-2: Ball
2-2: Foul Ball, location: 2F
2-2: Ball
3-2: Fly out, F9 (Flyball, 9S)
Batting: LHB Keith McKnight 0-0: Ball
1-0: Ball
2-0: Swinging Strike
2-1: DOUBLE (Line Drive, 9LS)
Quan Ge scores
Batting: RHB Jim Unknown 0-0: Foul Ball, location: 2F
0-1: Swinging Strike
0-2: Ball
1-2: Foul Ball, location: 2F
1-2: Ball
2-2: Foul Ball, location: 2F
2-2: SINGLE (Flyball, 6MD)
Keith McKnight to third
Runner from 3rd tries for Home, throw and OUT!
Bottom of the 4th over - 1 run(s), 3 hit(s), 0 error(s), 1 left on base; Pawnee 1 - Port Royal 1
TOP OF THE 5TH
Pawnee ParksNRec batting - Pitching for Port Royal Disaster : LHP Jorge Velázquez
Batting: LHB Jim Unknown 0-0: Ball
1-0: Swinging Strike
1-1: Ball
2-1: Foul Ball, location: 2F
2-2: Foul Ball, location: 2F
2-2: Ball
3-2: Foul Ball, location: 2F
3-2: Foul Ball, location: 2F
3-2: Fly out, F8 (Flyball, 8RD)
Batting: RHB Jim Unknown 0-0: Foul Ball, location: 2F
0-1: Foul Ball, location: 2F
0-2: Strikes out swinging
Batting: RHB Jim Unknown 0-0: Ball
1-0: SINGLE (Groundball, 34)
Batting: LHB Jim Unknown 0-0: Ball
1-0: Ball
2-0: Ground out U3 (Groundball, 3L)
Top of the 5th over - 0 run(s), 1 hit(s), 0 error(s), 1 left on base; Pawnee 1 - Port Royal 1
BOTTOM OF THE 5TH
Port Royal Disaster batting - Pitching for Pawnee ParksNRec : RHP Jim Unknown
Batting: RHB Jim Unknown 0-0: Ball
1-0: Foul Ball, location: 2F
1-1: SOLO HOME RUN (Flyball, 7D), Distance : 366 ft
Batting: LHB Nelson Sanders 0-0: Ball
1-0: Called Strike
1-1: Ground out 5-3 (Groundball, 56)
Batting: RHB Mike Green 0-0: Fly out, F8 (Flyball, 8RM)
Batting: LHB George Best 0-0: Ball
1-0: SINGLE (Groundball, 34D)
Batting: SHB Quan Ge 0-0: Ball
1-0: Ground out 5-3 (Groundball, 5S)
Bottom of the 5th over - 1 run(s), 2 hit(s), 0 error(s), 1 left on base; Pawnee 1 - Port Royal 2
TOP OF THE 6TH
Pawnee ParksNRec batting - Pitching for Port Royal Disaster : LHP Jorge Velázquez
Batting: RHB Jim Unknown 0-0: Swinging Strike
0-1: Ball
1-1: SINGLE (Line Drive, 56)
Batting: RHB Jim Unknown 0-0: SINGLE (Flyball, 9LS)
Jim Unknown to second
Runner from 2nd tries for 3rd, SAFE, throw made to third
Batting: RHB Jim Unknown 0-0: Foul Ball, location: 2F
0-1: Ball
1-1: Called Strike
1-2: Foul Ball, location: 2F
1-2: Ball
2-2: Foul Ball, location: 2F
2-2: Ball
3-2: Strikes out swinging
Batting: LHB Jim Unknown 0-0: Foul Ball, location: 2F
0-1: Foul Ball, location: 2F
0-2: Fly out, F8 (Flyball, 8RXD)
Runner from 3rd tags up, SCORES, no throw
Batting: RHB Jim Unknown 0-0: Called Strike
0-1: Ball
1-1: Foul Ball, location: 2F
1-2: Strikes out swinging
Top of the 6th over - 1 run(s), 2 hit(s), 0 error(s), 1 left on base; Pawnee 2 - Port Royal 2
BOTTOM OF THE 6TH
Port Royal Disaster batting - Pitching for Pawnee ParksNRec : RHP Jim Unknown
Batting: LHB Jason Potter 0-0: Called Strike
0-1: Ground out U3 (Groundball, 3S)
Batting: LHB Jim Unknown 0-0: Foul Ball, location: 2F
0-1: Fly out, F9 (Flyball, 9LM)
Batting: LHB Keith McKnight 0-0: Called Strike
0-1: Ball
1-1: Called Strike
1-2: Ground out 6-3 (Groundball, 6)
Bottom of the 6th over - 0 run(s), 0 hit(s), 0 error(s), 0 left on base; Pawnee 2 - Port Royal 2
TOP OF THE 7TH
Pawnee ParksNRec batting - Pitching for Port Royal Disaster : LHP Jorge Velázquez
Batting: LHB Jim Unknown 0-0: Called Strike
0-1: Called Strike
0-2: SINGLE (Popup, 6D)
Batting: RHB Jim Unknown 0-0: Ball
1-0: Called Strike
1-1: Foul Ball, location: 2F
1-2: Ball
2-2: Foul Ball, location: 2F
2-2: Strikes out swinging
Batting: RHB Jim Unknown 0-0: Ball
1-0: SINGLE (Groundball, 4MD)
Jim Unknown to second
Runner from 2nd tries for 3rd, SAFE, throw made to third
Pinch Hitting: RHB Jim Unknown 0-0: Called Strike
0-1: Ball
1-1: Ball
2-1: Swinging Strike
2-2: Ball
3-2: Base on Balls
Jim Unknown to second
Pitching: RHP Mac Merritt
Batting: RHB Jim Unknown 0-0: Foul Ball, location: 2F
0-1: Fly out, F9 (Flyball, 9LM)
Runner from 3rd tags up, SCORES, throw made
Pinch Hitting: LHB Jim Unknown 0-0: Called Strike
0-1: Ball
1-1: Ball
2-1: Fly out, F7 (Flyball, 7LSF)
Top of the 7th over - 1 run(s), 2 hit(s), 0 error(s), 2 left on base; Pawnee 3 - Port Royal 2
BOTTOM OF THE 7TH
Port Royal Disaster batting - Pitching for Pawnee ParksNRec : RHP Jim Unknown
Now at 1B: Jim Unknown
Now in RF: Jim Unknown
Batting: RHB Jim Unknown 0-0: Swinging Strike
0-1: Ball
1-1: Foul Ball, location: 2F
1-2: Foul Ball, location: 2F
1-2: Strikes out swinging
Batting: RHB Jim Unknown 0-0: Ball
1-0: Foul Ball, location: 2F
1-1: Ball
2-1: Ball
3-1: Base on Balls
Batting: LHB Nelson Sanders 0-0: Called Strike
0-1: Ball
1-1: Ball
2-1: Foul Ball, location: 2F
2-2: Ball
3-2: Foul Ball, location: 2F
3-2: Strikes out looking
Batting: RHB Mike Green 0-0: Foul Ball, location: 2F
0-1: Called Strike
0-2: Hit by Pitch
Jim Unknown to second
Pinch Runner at 2nd Juan Ríos:
Batting: LHB George Best 0-0: Ball
1-0: Ground out 4-3 (Groundball, 4)
Bottom of the 7th over - 0 run(s), 0 hit(s), 0 error(s), 2 left on base; Pawnee 3 - Port Royal 2
TOP OF THE 8TH
Pawnee ParksNRec batting - Pitching for Port Royal Disaster : RHP Mac Merritt
Batting: RHB Jim Unknown 0-0: Swinging Strike
0-1: Foul Ball, location: 2F
0-2: Ball
1-2: Strikes out swinging
Batting: LHB Jim Unknown 0-0: Ball
1-0: Ball
2-0: Ball
3-0: Base on Balls
Batting: RHB Jim Unknown 0-0: Fly out, F9 (Flyball, 89S)
Batting: LHB Jim Unknown 0-0: Foul Ball, location: 2F
0-1: Foul Ball, location: 2F
0-2: Ball
1-2: Foul Ball, location: 2F
1-2: Foul Ball, location: 2F
1-2: Ball
2-2: Foul Ball, location: 2F
2-2: SINGLE (Groundball, 34)
Jim Unknown to second
Runner from 2nd tries for 3rd, SAFE, throw made to third
Batting: RHB Jim Unknown 0-0: Called Strike
0-1: Foul Ball, location: 2F
0-2: Ball
1-2: Ball
2-2: Foul Ball, location: 2F
2-2: Fielders Choice at 2nd, U6 (Groundball, 6M)
Top of the 8th over - 0 run(s), 1 hit(s), 0 error(s), 2 left on base; Pawnee 3 - Port Royal 2
BOTTOM OF THE 8TH
Port Royal Disaster batting - Pitching for Pawnee ParksNRec : RHP Jim Unknown
Batting: SHB Quan Ge 0-0: Swinging Strike
0-1: Ball
1-1: Ball
2-1: Foul Ball, location: 2F
2-2: SINGLE (Line Drive, 89S)
Batting: LHB Jason Potter 0-0: Called Strike
0-1: Reached on error, E4 (Groundball, 4)
Quan Ge to second
Batting: LHB Jim Unknown 0-0: Called Strike
0-1: Ball
1-1: SINGLE (Flyball, 78S)
Quan Ge to third
Jason Potter to second
Runner from 3rd tries for Home, SAFE, throw made home
Jason Potter to third
Jim Unknown to second
Batting: LHB Keith McKnight 0-0: Intentional Walk
Pitching: LHP Jim Unknown
Batting: RHB Jim Unknown 0-0: Grounds into fielders choice 5-2 (Groundball, 56)
Jim Unknown to third
Keith McKnight to second
Batting: LHB Juan Ríos 0-0: Called Strike
0-1: Ball
1-1: Ball
2-1: Called Strike
2-2: Foul Ball, location: 2F
2-2: Strikes out swinging
Batting: LHB Nelson Sanders 0-0: Swinging Strike
0-1: Ball
1-1: Called Strike
1-2: Ball
2-2: Foul Ball, location: 2F
2-2: Strikes out looking
Bottom of the 8th over - 1 run(s), 2 hit(s), 1 error(s), 3 left on base; Pawnee 3 - Port Royal 3
TOP OF THE 9TH
Pawnee ParksNRec batting - Pitching for Port Royal Disaster : RHP Mac Merritt
Pinch Hitting: RHB Jim Unknown 0-0: Ball
1-0: Foul Ball, location: 2F
1-1: Ball
2-1: Ball
3-1: Base on Balls
Batting: RHB Jim Unknown 0-0: Called Strike
0-1: Ball
1-1: Foul Ball, location: 2F
1-2: Ball
2-2: Ball
3-2: Foul Ball, location: 2F
3-2: Base on Balls
Jim Unknown to second
Pinch Hitting: SHB Jim Unknown 0-0: Ball
1-0: Swinging Strike
1-1: Ball
Wild Pitch!
Jim Unknown to third
Jim Unknown to second
2-1: Swinging Strike
2-2: Foul Ball, location: 2F
2-2: Ball
3-2: SINGLE (Groundball, 4)
Jim Unknown scores
Jim Unknown to third
Runner from 3rd tries for Home, SAFE, throw made home
Jim Unknown to second
Batting: LHB Jim Unknown 0-0: Called Strike
0-1: Swinging Strike
0-2: Ball
1-2: Strikes out swinging
Batting: RHB Jim Unknown 0-0: Called Strike
0-1: Ball
1-1: Swinging Strike
1-2: Fly out, F3 (Popup, 3SF)
Pitching: LHP Zach Brown
Batting: LHB Jim Unknown 0-0: Ball
1-0: Foul Ball, location: 2F
1-1: Ball
2-1: Ball
3-1: Foul Ball, location: 2F
3-2: DOUBLE (Flyball, 9LD)
Jim Unknown scores
Batting: RHB Jim Unknown 0-0: Swinging Strike
0-1: Called Strike
0-2: Ball
1-2: Ball
2-2: Ball
3-2: Strikes out looking
Top of the 9th over - 3 run(s), 2 hit(s), 0 error(s), 1 left on base; Pawnee 6 - Port Royal 3
BOTTOM OF THE 9TH
Port Royal Disaster batting - Pitching for Pawnee ParksNRec : LHP Jim Unknown
Pitching: RHP Esteban Moreno
Now at C: Jim Unknown
Now at SS: Jim Unknown
Batting: RHB Mike Green 0-0: Called Strike
0-1: Ball
1-1: Ball
2-1: Foul Ball, location: 2F
2-2: Strikes out swinging
Batting: LHB George Best 0-0: Foul Ball, location: 2F
0-1: SINGLE (Flyball, 7S)
Batting: SHB Quan Ge 0-0: Ball
1-0: 2-RUN HOME RUN (Flyball, 7D), Distance : 376 ft
Batting: LHB Jason Potter 0-0: Foul Ball, location: 2F
0-1: Ball
1-1: Ball
2-1: SINGLE (Line Drive, 6MD)
Batting: LHB Jim Unknown 0-0: Ball
1-0: Swinging Strike
1-1: Foul Ball, location: 2F
1-2: Ball
2-2: Fly out, F8 (Flyball, 8RD)
Batting: LHB Keith McKnight 0-0: Ball
1-0: Foul Ball, location: 2F
1-1: Ball
2-1: Fly out, F4 (Popup, 4M)
Bottom of the 9th over - 2 run(s), 3 hit(s), 0 error(s), 1 left on base; Pawnee 6 - Port Royal 5
This league is powered by Out of the Park Baseball, the baseball management simulation game for PC, Mac and Linux
Saturday, February 27th, 2021 - OOTP Baseball 15.6 Build 34